 Dungeon Crawl Stone Soup version 0.23-a0-419-g0174fd80c1 (webtiles) character file.

919 LostNumber the Insei (level 8, -5/60 HPs)
             Began as a Merfolk Transmuter on Nov 14, 2018.
             Was a Believer of Okawaru.
             Slain by a sky beast (6 damage)
             ... on level 5 of the Dungeon.
             The game lasted 00:10:35 (6177 turns).

LostNumber the Insei (Merfolk Transmuter)           Turns: 6177, Time: 00:10:36

Health: -5/60      AC:  3    Str: 11    XL:     8   Next: 9%
Magic:  1/11       EV: 19    Int: 13    God:    Okawaru [**....]
Gold:   100        SH:  0    Dex: 15    Spells: 5/11 levels left

rFire    . . .     SeeInvis .     - Unarmed
rCold    + . .     Gourm    .   (no shield)
rNeg     . . .     Faith    .   y - +0 leather armour {rC+}
rPois    .         Spirit   .   (no helmet)
rElec    .         Reflect  .   (no cloak)
rCorr    .         Harm     .   (no gloves)
MR       .....                  (no boots)
Stlth    ++++......             (no amulet)
HPRegen  0.20/turn              (no ring)
MPRegen  0.12/turn              m - ring of stealth

@: heroism, very slightly contaminated
A: change form in water, swift swim, stealthy swim
a: Heroism, Renounce Religion


You were on level 5 of the Dungeon.
You worshipped Okawaru.
Okawaru was pleased with you.
You were not hungry.

You visited 1 branch of the dungeon, and saw 5 of its levels.
You also visited: Sewer.

You collected 220 gold pieces.
You spent 120 gold pieces at shops.

Inventory:

Missiles
 a - 46 arrows
 r - 8 steel javelins (quivered)
Armour
 b - a +0 robe
 c - a +0 leather armour
 y - a +0 leather armour of cold resistance (worn)
Jewellery
 j - an uncursed ring of fire
 m - a ring of stealth (right hand)
 p - the ring of Tiaqolet {+Blink rElec rF- SInv Stlth+, unknown}
   (You found it on level 4 of the Dungeon)

   [ring of stealth]

   It makes you vulnerable to fire.
   It insulates you from electricity.
   It lets you see invisible.
   It lets you blink.
   It makes you more stealthy.
 w - an uncursed ring of ice
Wands
 l - a wand of flame (27)
 A - a wand of paralysis (10)
Scrolls
 f - a scroll of enchant armour {unknown}
 k - 2 scrolls of remove curse
 q - a scroll of amnesia {unknown}
 s - 3 scrolls of blinking {unknown}
 t - a scroll of enchant weapon {unknown}
 v - 2 scrolls of teleportation {unknown}
Potions
 e - 2 potions of invisibility {unknown}
 g - 4 potions of curing {unknown}
 h - 2 potions of cancellation {unknown}
 i - a potion of might {unknown}
 n - a potion of berserk rage {unknown}
 o - a potion of degeneration {unknown}
 u - a potion of flight {unknown}
 x - a potion of agility {unknown}
 z - a potion of lignification {unknown}
 B - a potion of mutation {unknown}
 C - a potion of brilliance {unknown}
Comestibles
 d - 8 rations


   Skills:
 + Level 4.2(9.2) Fighting
 + Level 5.7(10.7) Dodging
 * Level 6.9(11.9) Unarmed Combat
 + Level 2.4 Spellcasting
 * Level 3.9 Transmutations
 + Level 3.0 Invocations
 + Level 0.4 Evocations


You had 5 spell levels left.
You knew the following spells:

 Your Spells              Type           Power        Failure   Level  Hunger
a - Beastly Appendage     Tmut           ##....       6%          1    #......
b - Sticks to Snakes      Tmut           ##......     9%          2    ###....
c - Spider Form           Tmut/Pois      #.........   38%         3    ###....

Your spell library contained the following spells:

 Spells                   Type           Power        Failure   Level  Hunger
 Ice Form                 Ice/Tmut       #.......     80%         4    #####..
 Blade Hands              Tmut           ##........   86%         5    ######.


Dungeon Overview and Level Annotations

Branches:
Dungeon (5/15)
 Temple: D:4-7

Altars:
Fedhas
Hepliaklqana
Nemelex Xobeh
Okawaru
Ru
Sif Muna
Wu Jian
Xom

Shops:
D:5 }


Message History

You create a snake!
You now have 46 arrows.
The sky beast flickers out of sight!
Deactivating autopickup; reactivate with Ctrl-A.
Something closely misses you.
Unknown command.
Unknown command.
You swap places.
Your ball python bites something but does no damage.
Your ball python bites something but does no damage.
Your ball python barely misses something.
Something hits you.
* * * LOW HITPOINT WARNING * * *
Something shocks you.
* * * LOW HITPOINT WARNING * * *
Your ball python barely misses something.
Your ball python closely misses something.
You punch something! Something hits you.
* * * LOW HITPOINT WARNING * * *
Something shocks you.
You die...

# ##......###..##
#.....##..>##
##.........#
##.#######..## ###.##
##..# ##..## ##.##
##..########## #..#
##..#.........####.##
##.##....<.S.@...##..#
###.####.....S.....###.##
##..## #.(.........# #..#
#..## #...........# ##.#
#### ###.......### ###
#########


You could see 2 friendly ball pythons.

Vanquished Creatures
  Grinder (D:3)
  A centaur (D:5)
  A bullfrog (Sewer)
  A hound (D:5)
  An orc priest (D:4)
  An iguana (D:5)
  4 worker ants
  2 hound skeletons
  A worker ant zombie (D:5)
  3 adders
  A shadow imp (D:5)
  15 oozes
  4 worms
  2 dart slugs
  20 leopard geckos
  5 orcs
  10 ball pythons
  15 giant cockroaches
  6 goblins
  6 hobgoblins
  3 jackals
  4 quokkas
  6 bats
  17 frilled lizards
  A jackal zombie (D:5)
  4 kobolds
  9 rats
144 creatures vanquished.

Vanquished Creatures (collateral kills)
  An ogre (D:5)
  A bullfrog (Sewer)
  An orc wizard (D:5)
  2 adders
  An ooze (Sewer)
  2 leopard geckos (Sewer)
  An orc (D:5)
  A ball python (Sewer)
  2 frilled lizards (Sewer)
12 creatures vanquished.

Grand Total: 156 creatures vanquished

Notes
Turn   | Place    | Note
-------+----------+-------------------------------------------
     0 | D:1      | LostNumber the Merfolk Transmuter began the quest for the
                  | Orb.
     0 | D:1      | Reached XP level 1. HP: 15/15 MP: 3/3
   192 | D:1      | Reached XP level 2. HP: 16/21 MP: 3/5
   553 | D:1      | Reached skill level 4 in Unarmed Combat
   553 | D:1      | Reached XP level 3. HP: 11/27 MP: 4/6
   646 | D:1      | Learned a level 2 spell: Sticks to Snakes
  1615 | D:2      | Found a faded altar of an unknown god.
  1659 | D:2      | Found an iron altar of Okawaru.
  1671 | D:2      | Became a worshipper of Warmaster Okawaru
  1864 | D:3      | Reached XP level 4. HP: 33/33 MP: 3/7
  2107 | D:3      | Found a glowing drain.
  2116 | Sewer    | Entered a sewer
  2242 | Sewer    | Reached XP level 5. HP: 23/39 MP: 4/8
  2485 | Sewer    | Reached skill level 5 in Unarmed Combat
  2771 | Sewer    | Reached * piety under Okawaru
  3206 | Sewer    | Reached skill level 1 in Invocations
  3209 | Sewer    | Reached XP level 6. HP: 30/46 MP: 5/9
  3762 | D:3      | Noticed Grinder
  3770 | D:3      | Killed Grinder
  3770 | D:3      | Reached skill level 5 in Dodging
  3770 | D:3      | Reached skill level 6 in Unarmed Combat
  3770 | D:3      | Reached XP level 7. HP: 15/53 MP: 6/10
  4246 | D:4      | Learned a level 3 spell: Spider Form
  4301 | D:4      | Found a sparkling altar of Nemelex Xobeh.
  4302 | D:4      | Found a blossoming altar of Fedhas.
  4307 | D:4      | Found a sacrificial altar of Ru.
  4309 | D:4      | Found an ornate altar of the Wu Jian Council.
  4309 | D:4      | Found a deep blue altar of Sif Muna.
  4313 | D:4      | Found a shimmering altar of Xom.
  4550 | D:4      | Got a shimmering turquoise ring
  4599 | D:4      | Reached ** piety under Okawaru
  4963 | D:5      | Entered Level 5 of the Dungeon
  5619 | D:5      | Found Yletupp's Gadget Shop.
  5627 | D:5      | Bought a wand of paralysis (10) for 120 gold pieces
  5634 | D:5      | Found a hazy altar of Hepliaklqana.
  5857 | D:5      | Reached XP level 8. HP: 21/60 MP: 9/11
  6176 | D:5      | HP: 2/60 [something (6)]
  6177 | D:5      | Slain by a sky beast

Vault maps used:
D:1:      psy_arrival_dodecagon, roderic_lattice_a, serial_bayou_pond_e
D:2:      chequers_ecumenical_altar_simple_redux, okawaru_trees_2
D:3:      portal_sewer_entry_d, first_ration, lightli_corner_chamber,
          uniq_grinder
D:4:      minitemple
D:5:      basic_altar, serial_shops, shop_statue
Sewer:    sewer_frog_island_02

Skill      XL: |  1  2  3  4  5  6  7 |
---------------+----------------------+-----
Dodging        | 3 4 5 |  5.7
Unarmed Combat | 4 5 6 |  6.9
Transmutations | 3 |  3.9
Fighting       | 2 3 4 |  4.2
Invocations    | 1 2 3 |  3.0
Spellcasting   | |  2.4
Evocations     | |  0.4

Action                   |  1- 3 |  4- 6 |  7- 9 || total
-------------------------+-------+-------+-------++-------
Melee: Unarmed           |   124 |   241 |   139 ||   504
       Headbutt          |    13 |    21 |    24 ||    58
       Punch             |     1 |     4 |     2 ||     7
       Tailslap          |       |    18 |       ||    18
 Cast: Beastly Appendage |    20 |    25 |    14 ||    59
       Sticks to Snakes  |     3 |     9 |    10 ||    22
Invok: Heroism           |       |       |     2 ||     2
  Use: Scroll            |       |       |     2 ||     2
 Stab: Sleeping          |     1 |       |       ||     1
       Distracted        |       |     3 |     2 ||     5
  Eat: Chunk             |     4 |     7 |     6 ||    17
       Ration            |       |       |     1 ||     1
Armor: Leather armour    |    25 |    41 |    21 ||    87
       Robe              |     1 |       |       ||     1
Dodge: Dodged            |    78 |   242 |    81 ||   401

Table legend:
 A = Non-vault XP
 B = Vault XP
 C = Vault XP percentage of total XP
 D = Non-vault monster count
 E = Vault monster count
 F = Vault count percentage of total count
                 A         B        C        D         E       F
            +---------+---------+-------+---------+---------+-------
      Total |     693 |     620 |  47.2 |      82 |      74 |  47.4
            +---------+---------+-------+---------+---------+-------
        D:1 |      45 |       0 |   0.0 |      23 |       0 |   0.0
        D:2 |      36 |       0 |   0.0 |      13 |       0 |   0.0
        D:3 |      33 |     269 |  89.1 |      18 |       2 |  10.0
        D:4 |     106 |       0 |   0.0 |       8 |       0 |   0.0
        D:5 |     473 |       0 |   0.0 |      20 |       0 |   0.0
      Sewer |       0 |     351 | 100.0 |       0 |      72 | 100.0
            +---------+---------+-------+---------+---------+-------
